 Dungeon Crawl Stone Soup version 0.26-a0-665-gefeb406119 (webtiles) character file.

Game seed: 9508444499522950186

48 robertstho the Bolt Thrower (level 4, -3/27 HPs)
             Began as a Kobold Hunter on Oct 15, 2020.
             Slain by a gnoll (5 damage)
             ... on level 2 of the Dungeon.
             The game lasted 00:01:00 (852 turns).

robertstho the Bolt Thrower (Kobold Hunter)          Turns: 852, Time: 00:01:01

Health: -3/27      AC:  5    Str: 10    XL:     4   Next: 0%
Magic:  4/4        EV: 12    Int: 12    God:
Gold:   81         SH:  4    Dex: 15    Spells: 3/3 levels left

rFire    . . .     SeeInvis .   b - +0 short sword
rCold    . . .     Faith    .   i - +0 buckler
rNeg     . . .     Spirit   .   h - +0 ring mail
rPois    .         Reflect  .   (no helmet)
rElec    .         Harm     .   (no cloak)
rCorr    .         Rampage  .   (no gloves)
MR       .....                  (no boots)
Stlth    ++........             (no amulet)
HPRegen  0.09/turn              (no ring)
MPRegen  0.09/turn              (no ring)

@: no status effects
A: small, nightstalker 3
a: no special abilities


You were on level 2 of the Dungeon.
You visited 1 branch of the dungeon, and saw 2 of its levels.

You collected 81 gold pieces.

Inventory:

Hand Weapons
 a - a +1 hand crossbow
 b - a +0 short sword (weapon)
Armour
 c - a +0 leather armour
 h - a +0 ring mail (worn)
 i - a +0 buckler (worn)
Jewellery
 k - an uncursed ring of see invisible {unknown}
Scrolls
 e - a scroll of teleportation {unknown}
 f - 3 scrolls of remove curse {unknown}
 j - a scroll of identify {unknown}
Potions
 g - a potion of stabbing {unknown}


   Skills:
 * Level 2.5 Fighting
 * Level 6.2 Crossbows
 + Level 2.4 Dodging
 + Level 1.3 Stealth


You had 3 spell levels left.
You didn't know any spells.
Your spell library was empty.

Dungeon Overview and Level Annotations

Branches:
Dungeon (2/15)

Altars:
The Shining One


Innate Abilities, Weirdness & Mutations

You are small and have problems with some larger weapons.
You are completely attuned to the shadows.


Message History

Okay, then.
The gnoll barely misses you.
Firing (i - inventory) No suitable missiles.
Press: ? - help, Shift-Dir - straight line, f/p - gnoll
Aim: a gnoll, wearing a +0 ring mail
Okay, then.
Unknown command.
b - a +0 short sword (weapon)
You hit the gnoll but do no damage. The gnoll misses you.
You barely miss the gnoll. You hit the gnoll but do no damage.
You block the gnoll's attack. The gnoll hits you but does no damage.
You barely miss the gnoll. The gnoll closely misses you. x2
You barely miss the gnoll. The gnoll hits you.
The gnoll hits you with a +0 flail!
* * * LOW HITPOINT WARNING * * *
The gnoll hits you.
* * * LOW HITPOINT WARNING * * *
The gnoll hits you.
You die...

...........##..8.
...#........##..8
..##.........##
......†.......## #..
.....(.........###..#
..#######...#...#...#....
.......####.#...#...#...g
....<.... ..........#....
......... .....@gg.#)..(
......... .......#.'(..(
......... .....#.#.#....
.......## ....#.....#.#
........... . ......#.


You could see 2 gnolls.

Vanquished Creatures
  2 gnolls (D:2)
  An adder (D:2)
  A dart slug (D:1)
  2 goblins (D:1)
  A hobgoblin (D:1)
  4 bats
  5 frilled lizards
  3 kobolds (D:1)
  3 rats (D:1)
22 creatures vanquished.

Vanquished Creatures (others)
  A plant (D:1)
1 creature vanquished.

Grand Total: 23 creatures vanquished

Notes
Turn   | Place    | Note
-------+----------+-------------------------------------------
     0 | D:1      | robertstho the Kobold Hunter began the quest for the Orb.
     0 | D:1      | Reached XP level 1. HP: 12/12 MP: 1/1
    71 | D:1      | Reached skill level 5 in Crossbows
   205 | D:1      | Reached XP level 2. HP: 17/17 MP: 2/2
   818 | D:2      | Found a glowing golden altar of the Shining One.
   835 | D:2      | Reached XP level 3. HP: 21/22 MP: 3/3
   839 | D:2      | Reached skill level 6 in Crossbows
   842 | D:2      | Reached XP level 4. HP: 15/27 MP: 4/4
   852 | D:2      | Slain by a gnoll

Illustrated notes

Levels and vault maps discovered:
D:1:      tarquinn_simple_flora_water_e, layout_basic, kennysheep_minor_cross,
          serial_bayou_pond_d, wander_ebering_terrifying_dragon_lair
D:2:      layout_basic, tso_metal_star, minmay_misc_feat_rugged, uniq_sigmund

Skill      XL: |  1  2  3 |
---------------+----------+-----
Crossbows      | 5 6 |  6.2
Fighting       | |  2.5
Dodging        | |  2.4
Stealth        | |  1.3

Action                   |  1- 3 |  4- 6 || total
-------------------------+-------+-------++-------
Melee: Short sword       |       |     5 ||     5
 Fire: Hand crossbow     |    45 |       ||    45
Armor: Ring mail         |     5 |     2 ||     7
Dodge: Dodged            |    14 |     4 ||    18
Block: Buckler           |     4 |     1 ||     5

Table legend: (Time is in decaauts)
 A = Elapsed time spent in this place.
 B = Non-inter-level travel time spent in this place.
 C = Inter-level travel time spent in this place.
 D = Time resting spent in this place.
 E = Time spent auto-exploring this place.
 F = Levels seen in this place.
 G = Mean time per level.
                   A        B        C        D        E       F      G
               +--------+--------+--------+--------+--------+-----+--------+
         Total |    863 |    836 |     27 |      0 |    701 |   2 |  431.5 |
       Dungeon |    863 |    836 |     27 |      0 |    701 |   2 |  431.5 |
               +--------+--------+--------+--------+--------+-----+--------+

Top non-repeatable levels by time:
     D:1: 787 daAuts
     D:2: 75 daAuts
